 Dungeon Crawl Stone Soup version 0.26-a0-346-g33516b1736 (webtiles) character file.

Game seed: 8771512733474954430

319 Glokmah the Shield-Bearer (level 6, 0/49 HPs)
             Began as a Formicid Fighter on July 17, 2020.
             Slain by Crazy Yiuf
             ... wielding a +4 quarterstaff of chaos
              (9 damage)
             ... while petrified by Crazy Yiuf
             ... on level 3 of the Dungeon.
             The game lasted 00:05:51 (3103 turns).

Glokmah the Shield-Bearer (Formicid Fighter)        Turns: 3103, Time: 00:05:52

Health: 0/49       AC:  6    Str: 20    XL:     6   Next: 75%
Magic:  6/6        EV:  2    Int:  8    God:
Gold:   224        SH:  0    Dex: 12    Spells: 5/5 levels left

rFire    . . .     SeeInvis +   a - +1 war axe
rCold    . . .     Faith    .   c - +0 kite shield
rNeg     + + +     Spirit   .   s - -1 scale mail (curse)
rPois    ∞         Reflect  .   (helmet unavailable)
rElec    .         Harm     .   (no cloak)
rCorr    +                      (no gloves)
MR       .....                  (no boots)
Stlth    ..........             (no amulet)
HPRegen  0.16/turn              n - ring of positive energy
MPRegen  0.10/turn              t - ring of resist corrosion

@: mighty, petrified, very slightly contaminated, invisible
A: permanent stasis, dig shafts and tunnels, four strong arms, antennae 3
a: Dig, Shaft Self


You were on level 3 of the Dungeon.
You visited 1 branch of the dungeon, and saw 3 of its levels.

You collected 224 gold pieces.

Inventory:

Hand Weapons
 a - a +1 war axe (weapon)
 b - a +0 mace of holy wrath
Missiles
 h - 2 javelins (quivered)
 i - 9 poisoned darts
 o - 6 atropa-tipped darts
Armour
 c - a +0 kite shield (worn)
 e - a +0 scale mail
 s - a cursed -1 scale mail (worn)
Jewellery
 n - a ring of positive energy (left hand)
 t - a ring of resist corrosion (right hand)
Wands
 k - a wand of iceblast (9)
Potions
 d - 2 potions of might
 f - a potion of flight
 g - a potion of curing
 j - a potion of brilliance
 l - a potion of ambrosia {unknown}
 m - a potion of degeneration {unknown}
 q - a potion of lignification {unknown}
 r - a potion of haste {unknown}


   Skills:
 + Level 4.5 Fighting
 + Level 3.4 Axes
 + Level 4.5 Armour
 + Level 2.2 Dodging
 + Level 4.9 Shields


You had 5 spell levels left.
You didn't know any spells.
Your spell library contained the following spells:

 Spells                   Type           Power        Failure   Level
 Summon Small Mammal      Summ           #...         96%         1
 Call Imp                 Summ           #.......     99%         2
 Call Canine Familiar     Summ           #.......     100%        3
 Summon Guardian Golem    Hex/Summ       #.......     100%        3
 Summon Ice Beast         Ice/Summ       #.......     100%        4
 Summon Lightning Spire   Summ/Air       #.......     100%        4


Dungeon Overview and Level Annotations

Branches:
Dungeon (3/15)

Altars:
Xom

Annotations:
D:3 Crazy Yiuf


Innate Abilities, Weirdness & Mutations

You cannot be hasted, slowed, berserked, paralysed or teleported.
You can dig through walls and to a lower floor.
Your four strong arms can wield two-handed weapons with a shield.
You have a pair of large antennae on your head. (SInv)


Message History

Crazy Yiuf draws strength from your wounds!
You closely miss Crazy Yiuf.
Crazy Yiuf is lightly wounded.
Crazy Yiuf hits you with a +4 quarterstaff of chaos.
You feel very mighty all of a sudden.
Crazy Yiuf hits you with a +4 quarterstaff of chaos.
You are slowing down.
You hit Crazy Yiuf.
Crazy Yiuf is moderately wounded.
Crazy Yiuf hits you with a +4 quarterstaff of chaos!
Crazy Yiuf freezes you. Crazy Yiuf barely misses you.
Crazy Yiuf hits you with a +4 quarterstaff of chaos.
You have turned to stone.
Crazy Yiuf hits you with a +4 quarterstaff of chaos!!
You fade into invisibility!
You are very lightly contaminated with residual magic.
Crazy Yiuf hits you with a +4 quarterstaff of chaos!!
* * * LOW HITPOINT WARNING * * *
Crazy Yiuf hits you with a +4 quarterstaff of chaos!!
You die...

#.##.## #.# #######
#.##.### #.# #......#
#.# ######## ###
##########♣♣♣♣♣
#.......#...♣.♣♣♣ ###
#..####......♣..♣#...#
....##......♣♣♣♣@g...#
#.)###..#..♣♣ ♣♣#..)#
#......###♣♣ ###
#......# .......#
##.....# ##.....# #
##.#.# #


You could see Crazy Yiuf (berserk).

Vanquished Creatures
  Grinder (D:3)
  Jessica (D:2)
  Ijyb (D:3)
  2 adders (D:2)
  2 dart slugs
  A leopard gecko (D:3)
  An orc (D:3)
  A ball python (D:1)
  8 bats
  2 giant cockroaches (D:3)
  6 hobgoblins
  6 kobolds
  9 goblins
  4 rats
45 creatures vanquished.

Notes
Turn   | Place    | Note
-------+----------+-------------------------------------------
     0 | D:1      | Glokmah the Formicid Fighter began the quest for the Orb.
     0 | D:1      | Reached XP level 1. HP: 18/18 MP: 1/1
   178 | D:1      | Reached XP level 2. HP: 24/24 MP: 2/2
  1353 | D:2      | Found a shimmering altar of Xom.
  1500 | D:2      | Reached XP level 3. HP: 29/29 MP: 3/3
  1507 | D:2      | Reached skill level 1 in Dodging
  1712 | D:2      | Noticed Jessica
  1723 | D:2      | Killed Jessica
  1723 | D:2      | Reached XP level 4. HP: 34/37 MP: 4/4
  2052 | D:3      | Noticed Ijyb
  2129 | D:3      | Killed Ijyb
  2129 | D:3      | Reached XP level 5. HP: 39/42 MP: 5/5
  2345 | D:3      | Noticed Grinder
  2373 | D:3      | Killed Grinder
  2373 | D:3      | Reached XP level 6. HP: 3/49 MP: 6/6
  3093 | D:3      | Found a runed translucent door.
  3094 | D:3      | Noticed Crazy Yiuf
  3103 | D:3      | Slain by Crazy Yiuf

Illustrated notes

Levels and vault maps discovered:
D:1:      onia_arrival_mini_maze_b, layout_basic
D:2:      layout_loops_ring, xom_teletrap_fun, uniq_jessica
D:3:      layout_loops_ring, uniq_grinder, uniq_crazy_yiuf_cottage, uniq_ijyb,
          uniq_sigmund

Skill      XL: |  1  2  3  4  5 |
---------------+----------------+-----
Shields        | 4 |  4.9
Dodging        | 1 2 |  2.2
Armour         | 4 |  4.5
Fighting       | 4 |  4.5
Axes           | 3 |  3.4

Action                   |  1- 3 |  4- 6 || total
-------------------------+-------+-------++-------
Melee: War axe           |    75 |    71 ||   146
       Unarmed           |       |    13 ||    13
Throw: Javelin           |       |     5 ||     5
       Dart              |       |     1 ||     1
  Use: Scroll            |       |     8 ||     8
Armor: Scale mail        |    41 |    25 ||    66
Dodge: Dodged            |    37 |    37 ||    74
Block: Kite shield       |    55 |    39 ||    94

Table legend:
 A = Non-vault XP
 B = Vault XP
 C = Vault XP percentage of total XP
 D = Non-vault monster count
 E = Vault monster count
 F = Vault count percentage of total count
                 A         B        C        D         E       F
            +---------+---------+-------+---------+---------+-------
      Total |      98 |     359 |  78.6 |      42 |       3 |   6.7
            +---------+---------+-------+---------+---------+-------
        D:1 |      22 |       0 |   0.0 |      12 |       0 |   0.0
        D:2 |      50 |      37 |  42.5 |      17 |       1 |   5.6
        D:3 |      26 |     322 |  92.5 |      13 |       2 |  13.3
            +---------+---------+-------+---------+---------+-------
